| TOP OF THE 1ST |
|
Elmira Pioneers batting - Pitching for Lynn Sailors : RHP Eric Broersma
|
|
Pitching: RHP Eric Broersma
|
|
|
Batting: RHB Ken Dowell
|
0-0: Ball 1-0: Swinging Strike 1-1: Ground out 4-3 (Groundball, 4, EV 93.8 MPH)
|
|
Batting: RHB Mark Wasinger
|
0-0: Called Strike 0-1: Called Strike 0-2: Foul Ball, location: 2F 0-2: Foul Ball, location: 2F 0-2: Foul Ball, location: 2F 0-2: Ball 1-2: Strikes out swinging
|
|
Batting: RHB Richard Givens
|
0-0: Ball 1-0: Ground out 5-3 (Groundball, 56S, EV 86.3 MPH)
|
| Top of the 1st over - 0 runs, 0 hits, 0 errors, 0 left on base; Elmira 0 - Lynn 0 |
| BOTTOM OF THE 1ST |
|
Lynn Sailors batting - Pitching for Elmira Pioneers : RHP Dwayne Henry
|
|
Pitching: RHP Dwayne Henry
|
|
|
Batting: SHB Bip Roberts
|
0-0: Fly out, F9 (Flyball, 9LD, EV 91.9 MPH)
|
|
Batting: RHB Ron Wotus
|
0-0: Ball 1-0: Called Strike 1-1: SINGLE (Line Drive, 6D, EV 95.0 MPH)
|
|
Batting: RHB Mike Rubel
|
0-0: Ball 1-0: Ball 2-0: Ball 3-0: Called Strike 3-1: Base on Balls Ron Wotus to second
|
|
Batting: RHB Ken Gerhart
|
0-0: Fly out, F9 (Flyball, 9S, EV 88.1 MPH)
|
|
Batting: RHB Mike Reddish
|
0-0: Fly out, F7 (Flyball, 78M, EV 75.6 MPH)
|
| Bottom of the 1st over - 0 runs, 1 hit, 0 errors, 2 left on base; Elmira 0 - Lynn 0 |
| TOP OF THE 2ND |
|
Elmira Pioneers batting - Pitching for Lynn Sailors : RHP Eric Broersma
|
|
Batting: RHB Frank LaBella
|
0-0: Ground out 3-1 (Groundball, 34S, EV 70.6 MPH)
|
|
Batting: RHB Edwin Rodriguez
|
0-0: Ball 1-0: Fly out, F8 (Flyball, 8LXD, EV 85.0 MPH)
|
|
Batting: SHB Esteban Mendez
|
0-0: Ball 1-0: Fly out, F6 (Popup, 6S, EV 72.5 MPH)
|
| Top of the 2nd over - 0 runs, 0 hits, 0 errors, 0 left on base; Elmira 0 - Lynn 0 |
| BOTTOM OF THE 2ND |
|
Lynn Sailors batting - Pitching for Elmira Pioneers : RHP Dwayne Henry
|
|
Batting: RHB Jorge Hinojosa
|
0-0: Called Strike 0-1: Ball 1-1: Foul Ball, location: 2F 1-2: Ground out 4-3 (Groundball, 4, EV 105.6 MPH)
|
|
Batting: RHB Vinny Jaramillo
|
0-0: Foul Ball, location: 2F 0-1: Ground out 4-3 (Groundball, 4, EV 103.1 MPH)
|
|
Batting: SHB Danny Gans
|
0-0: Ball 1-0: Ball 2-0: Ground out U3 (Groundball, 34, EV 101.3 MPH)
|
| Bottom of the 2nd over - 0 runs, 0 hits, 0 errors, 0 left on base; Elmira 0 - Lynn 0 |
| TOP OF THE 3RD |
|
Elmira Pioneers batting - Pitching for Lynn Sailors : RHP Eric Broersma
|
|
Batting: LHB Juan Flores
|
0-0: Ball 1-0: Foul Ball, location: 2F 1-1: Fly out, F8 (Flyball, 89D, EV 83.1 MPH)
|
|
Batting: RHB Greg Keatley
|
0-0: Swinging Strike 0-1: Ball 1-1: Called Strike 1-2: Strikes out swinging
|
|
Batting: LHB Thad Reece
|
0-0: Ball 1-0: Called Strike 1-1: Foul Ball, location: 2F 1-2: Ball 2-2: Ball 3-2: Foul Ball, location: 2F 3-2: Fly out, F4 (Popup, 34S, EV 73.1 MPH)
|
| Top of the 3rd over - 0 runs, 0 hits, 0 errors, 0 left on base; Elmira 0 - Lynn 0 |
| BOTTOM OF THE 3RD |
|
Lynn Sailors batting - Pitching for Elmira Pioneers : RHP Dwayne Henry
|
|
Batting: RHB Ezequiel Carrasco
|
0-0: Foul Ball, location: 2F 0-1: Foul Ball, location: 2F 0-2: Strikes out swinging
|
|
Batting: SHB Bip Roberts
|
0-0: Called Strike 0-1: Ball 1-1: Foul Ball, location: 2F 1-2: Strikes out swinging
|
|
Batting: RHB Ron Wotus
|
0-0: Called Strike 0-1: Ball 1-1: Foul Ball, location: 2F 1-2: Ball 2-2: Ball 3-2: Base on Balls
|
|
Batting: RHB Mike Rubel
|
0-0: Ball 1-0: Ball 2-0: Called Strike 2-1: Ball 3-1: Foul Ball, location: 2F 3-2: Base on Balls Ron Wotus to second
|
|
Batting: RHB Ken Gerhart
|
0-0: Ball 1-0: Ball 2-0: Called Strike 2-1: Ground out U3 (Groundball, 3, EV 90.6 MPH)
|
| Bottom of the 3rd over - 0 runs, 0 hits, 0 errors, 2 left on base; Elmira 0 - Lynn 0 |
| TOP OF THE 4TH |
|
Elmira Pioneers batting - Pitching for Lynn Sailors : RHP Eric Broersma
|
|
Batting: RHB Ken Dowell
|
0-0: Called Strike 0-1: Ball 1-1: Called Strike 1-2: Strikes out swinging
|
|
Batting: RHB Mark Wasinger
|
0-0: Ball 1-0: Foul Ball, location: 2F 1-1: Foul Ball, location: 2F 1-2: Ground out 5-3 (Groundball, 5L, EV 91.9 MPH)
|
|
Batting: RHB Richard Givens
|
0-0: Ball 1-0: Ball 2-0: Ball 3-0: Called Strike 3-1: Ground out 4-3 (Groundball, 4M, EV 91.9 MPH)
|
| Top of the 4th over - 0 runs, 0 hits, 0 errors, 0 left on base; Elmira 0 - Lynn 0 |
| BOTTOM OF THE 4TH |
|
Lynn Sailors batting - Pitching for Elmira Pioneers : RHP Dwayne Henry
|
|
Batting: RHB Mike Reddish
|
0-0: Called Strike 0-1: Ball 1-1: Ground out 6-3 (Groundball, 6, EV 85.6 MPH)
|
|
Batting: RHB Jorge Hinojosa
|
0-0: Ball 1-0: Ball 2-0: Ball 3-0: Called Strike 3-1: Foul Ball, location: 2F 3-2: Base on Balls
|
|
Batting: RHB Vinny Jaramillo
|
0-0: Foul Ball, location: 2F 0-1: Ball Jorge Hinojosa is caught stealing 2nd base 2-4 1-1: Fly out, F5 (Popup, 5SF, EV 83.1 MPH)
|
| Bottom of the 4th over - 0 runs, 0 hits, 0 errors, 0 left on base; Elmira 0 - Lynn 0 |
| TOP OF THE 5TH |
|
Elmira Pioneers batting - Pitching for Lynn Sailors : RHP Eric Broersma
|
|
Batting: RHB Frank LaBella
|
0-0: Ball 1-0: Swinging Strike 1-1: Ball 2-1: Ball 3-1: Called Strike 3-2: Strikes out looking
|
|
Batting: RHB Edwin Rodriguez
|
0-0: Foul Ball, location: 2F 0-1: Ball 1-1: Ground out 4-3 (Groundball, 4, EV 83.8 MPH)
|
|
Batting: SHB Esteban Mendez
|
0-0: Ground out U3 (Groundball, 3S, EV 85.0 MPH)
|
| Top of the 5th over - 0 runs, 0 hits, 0 errors, 0 left on base; Elmira 0 - Lynn 0 |
| BOTTOM OF THE 5TH |
|
Lynn Sailors batting - Pitching for Elmira Pioneers : RHP Dwayne Henry
|
|
Batting: SHB Danny Gans
|
0-0: Ball 1-0: Called Strike 1-1: Foul Ball, location: 2F 1-2: Reached on error, E3 (Groundball, 3L, EV 85.6 MPH)
|
|
Batting: RHB Ezequiel Carrasco
|
0-0: Bunted foul 0-1: Ball 1-1: Ball 2-1: Sac Bunt to 23 - play at first, batter OUT! 3-4 Danny Gans to second
|
|
Batting: SHB Bip Roberts
|
0-0: Ball 1-0: Ball 2-0: Ground out 4-3 (Groundball, 4, EV 111.3 MPH) Danny Gans to third
|
|
Batting: RHB Ron Wotus
|
0-0: Foul Ball, location: 2F 0-1: Called Strike 0-2: Foul Ball, location: 2F 0-2: Strikes out swinging
|
| Bottom of the 5th over - 0 runs, 0 hits, 1 error, 1 left on base; Elmira 0 - Lynn 0 |
| TOP OF THE 6TH |
|
Elmira Pioneers batting - Pitching for Lynn Sailors : RHP Eric Broersma
|
|
Batting: LHB Juan Flores
|
0-0: Ball 1-0: Fly out, F8 (Flyball, 78XD, EV 90.6 MPH)
|
|
Batting: RHB Greg Keatley
|
0-0: Ball 1-0: Ball 2-0: Ball 3-0: Called Strike 3-1: Called Strike 3-2: Base on Balls
|
|
Batting: LHB Thad Reece
|
0-0: Ball 1-0: Ball 2-0: Ball 3-0: Called Strike 3-1: Ground out 5-3 (Groundball, 5L, EV 78.1 MPH) Greg Keatley to second
|
|
Batting: RHB Ken Dowell
|
0-0: Swinging Strike 0-1: Foul Ball, location: 2F 0-2: Strikes out swinging
|
| Top of the 6th over - 0 runs, 0 hits, 0 errors, 1 left on base; Elmira 0 - Lynn 0 |
| BOTTOM OF THE 6TH |
|
Lynn Sailors batting - Pitching for Elmira Pioneers : RHP Dwayne Henry
|
|
Batting: RHB Mike Rubel
|
0-0: Foul Ball, location: 2F 0-1: Called Strike 0-2: Ball 1-2: Strikes out swinging
|
|
Batting: RHB Ken Gerhart
|
0-0: Ball 1-0: Ball 2-0: Ground out 5-3 (Groundball, 5, EV 91.3 MPH)
|
|
Batting: RHB Mike Reddish
|
0-0: Ball 1-0: Fly out, F8 (Flyball, 89M, EV 79.4 MPH)
|
| Bottom of the 6th over - 0 runs, 0 hits, 0 errors, 0 left on base; Elmira 0 - Lynn 0 |
| TOP OF THE 7TH |
|
Elmira Pioneers batting - Pitching for Lynn Sailors : RHP Eric Broersma
|
|
Batting: RHB Mark Wasinger
|
0-0: Called Strike 0-1: Foul Ball, location: 2F 0-2: Foul Ball, location: 2F 0-2: Foul Ball, location: 2F 0-2: Ball 1-2: SINGLE (Groundball, 56D, EV 92.5 MPH) (infield hit)
|
|
Batting: RHB Richard Givens
|
0-0: Called Strike 0-1: Ball Mark Wasinger is caught stealing 2nd base 2-4 1-1: Ground out 4-3 (Groundball, 4M, EV 90.0 MPH)
|
|
Batting: RHB Frank LaBella
|
0-0: Foul Ball, location: 2F 0-1: Ball 1-1: Foul Ball, location: 2F 1-2: Strikes out swinging
|
| Top of the 7th over - 0 runs, 1 hit, 0 errors, 0 left on base; Elmira 0 - Lynn 0 |
| BOTTOM OF THE 7TH |
|
Lynn Sailors batting - Pitching for Elmira Pioneers : RHP Dwayne Henry
|
|
Batting: RHB Jorge Hinojosa
|
0-0: Called Strike 0-1: Swinging Strike 0-2: Foul Ball, location: 2F 0-2: Foul Ball, location: 2F 0-2: Ground out 5-3 (Groundball, 5S, EV 69.4 MPH)
|
|
Batting: RHB Vinny Jaramillo
|
0-0: Ball 1-0: Called Strike 1-1: Ball 2-1: Foul Ball, location: 2F 2-2: Foul Ball, location: 2F 2-2: Foul Ball, location: 2F 2-2: Foul Ball, location: 2F 2-2: Foul Ball, location: 2F 2-2: Foul Ball, location: 2F 2-2: Strikes out swinging
|
|
Batting: SHB Danny Gans
|
0-0: Ball 1-0: Foul Ball, location: 2F 1-1: SINGLE (Groundball, 4D, EV 101.9 MPH)
|
|
Batting: RHB Ezequiel Carrasco
|
0-0: Ball 1-0: Ball 2-0: Ball 3-0: Called Strike 3-1: Foul Ball, location: 2F 3-2: Ground out 5-3 (Groundball, 56S, EV 81.9 MPH)
|
| Bottom of the 7th over - 0 runs, 1 hit, 0 errors, 1 left on base; Elmira 0 - Lynn 0 |
| TOP OF THE 8TH |
|
Elmira Pioneers batting - Pitching for Lynn Sailors : RHP Eric Broersma
|
|
Batting: RHB Edwin Rodriguez
|
0-0: Ball 1-0: Foul Ball, location: 2F 1-1: Ball 2-1: Fly out, F9 (Flyball, 9LM, EV 91.3 MPH)
|
|
Batting: SHB Esteban Mendez
|
0-0: SINGLE (Line Drive, 7S, EV 103.8 MPH)
|
|
Batting: LHB Juan Flores
|
0-0: Ball Esteban Mendez steals 2nd base 1-0: Intentional Walk
|
|
Batting: RHB Greg Keatley
|
0-0: Called Strike 0-1: Ball 1-1: Swinging Strike 1-2: Strikes out swinging
|
|
Batting: LHB Thad Reece
|
0-0: Called Strike 0-1: Fly out, F8 (Flyball, 8LXD, EV 90.0 MPH)
|
| Top of the 8th over - 0 runs, 1 hit, 0 errors, 2 left on base; Elmira 0 - Lynn 0 |
| BOTTOM OF THE 8TH |
|
Lynn Sailors batting - Pitching for Elmira Pioneers : RHP Dwayne Henry
|
|
Batting: SHB Bip Roberts
|
0-0: Foul Ball, location: 2F 0-1: Fly out, F7 (Line Drive, 7, EV 94.4 MPH)
|
|
Batting: RHB Ron Wotus
|
0-0: Ball 1-0: Ball 2-0: Ball 3-0: Base on Balls
|
|
Batting: RHB Mike Rubel
|
0-0: Foul Ball, location: 2F 0-1: Ball 1-1: SINGLE (Groundball, 56, EV 95.6 MPH) Ron Wotus to second
|
|
Batting: RHB Ken Gerhart
|
0-0: Ball 1-0: Fielders Choice at 2nd, 6-4 (Groundball, 6, EV 98.8 MPH) Ron Wotus to third
|
|
Batting: RHB Mike Reddish
|
0-0: Called Strike 0-1: Foul Ball, location: 2F 0-2: Ball 1-2: Fly out, F3 (Popup, 3L, EV 63.1 MPH)
|
| Bottom of the 8th over - 0 runs, 1 hit, 0 errors, 2 left on base; Elmira 0 - Lynn 0 |
| TOP OF THE 9TH |
|
Elmira Pioneers batting - Pitching for Lynn Sailors : RHP Eric Broersma
|
|
Pinch Hitting: LHB Neil Fiala
|
0-0: Ball 1-0: Called Strike 1-1: Ground out 5-3 (Groundball, 15, EV 82.5 MPH)
|
|
Batting: RHB Mark Wasinger
|
0-0: Fly out, F3 (Popup, 3L, EV 76.9 MPH)
|
|
Batting: RHB Richard Givens
|
0-0: Ground out 3-1 (Groundball, 34S, EV 87.5 MPH)
|
| Top of the 9th over - 0 runs, 0 hits, 0 errors, 0 left on base; Elmira 0 - Lynn 0 |
| BOTTOM OF THE 9TH |
|
Lynn Sailors batting - Pitching for Elmira Pioneers : RHP Dwayne Henry
|
|
Now at 2B: Neil Fiala
|
|
|
Batting: RHB Jorge Hinojosa
|
0-0: Ground out 6-3 (Groundball, 6, EV 93.1 MPH)
|
|
Pinch Hitting: LHB Tony Merulla
|
0-0: Called Strike 0-1: Fly out, F9 (Flyball, 9S, EV 86.3 MPH)
|
|
Batting: SHB Danny Gans
|
0-0: Ball 1-0: Ball 2-0: Called Strike 2-1: Foul Ball, location: 2F 2-2: Ball 3-2: Base on Balls
|
|
Pitching: LHP Pat Perry
|
|
|
Batting: RHB Ezequiel Carrasco
|
0-0: SINGLE (Groundball, 56, EV 107.5 MPH) (infield hit) Danny Gans to second
|
|
Batting: SHB Bip Roberts
|
0-0: Ball 1-0: Foul Ball, location: 2F 1-1: Ball 2-1: Foul Ball, location: 2F 2-2: Foul Ball, location: 2F 2-2: Ground out 4-3 (Groundball, 34, EV 83.1 MPH)
|
| Bottom of the 9th over - 0 runs, 1 hit, 0 errors, 2 left on base; Elmira 0 - Lynn 0 |
| TOP OF THE 10TH |
|
Elmira Pioneers batting - Pitching for Lynn Sailors : RHP Eric Broersma
|
|
Now at 1B: Tony Merulla
|
|
|
Pinch Hitting: LHB German Barranca
|
0-0: Called Strike 0-1: Foul Ball, location: 2F 0-2: Strikes out swinging
|
|
Batting: RHB Edwin Rodriguez
|
0-0: Ball 1-0: Called Strike 1-1: Ball 2-1: Ground out 6-3 (Groundball, 56, EV 88.8 MPH)
|
|
Batting: SHB Esteban Mendez
|
0-0: Called Strike 0-1: Ground out U3 (Groundball, 3S, EV 88.8 MPH)
|
| Top of the 10th over - 0 runs, 0 hits, 0 errors, 0 left on base; Elmira 0 - Lynn 0 |
| BOTTOM OF THE 10TH |
|
Lynn Sailors batting - Pitching for Elmira Pioneers : LHP Pat Perry
|
|
Pitching: RHP Alejandro Gallardo
|
|
|
Now at 3B: German Barranca
|
|
|
Batting: RHB Ron Wotus
|
0-0: Foul Ball, location: 2F 0-1: Foul Ball, location: 2F 0-2: Ball 1-2: Ball 2-2: Ball 3-2: SINGLE (Flyball, 7LS, EV 88.8 MPH)
|
|
Batting: RHB Mike Rubel
|
0-0: Fly out, F2 (Popup, 23F, EV 81.9 MPH)
|
|
Batting: RHB Ken Gerhart
|
0-0: Ball 1-0: Fielders Choice at 2nd, 6-4 (Groundball, 6, EV 83.8 MPH)
|
|
Batting: RHB Mike Reddish
|
0-0: Called Strike 0-1: Ball 1-1: Called Strike 1-2: Strikes out swinging
|
| Bottom of the 10th over - 0 runs, 1 hit, 0 errors, 1 left on base; Elmira 0 - Lynn 0 |
| TOP OF THE 11TH |
|
Elmira Pioneers batting - Pitching for Lynn Sailors : RHP Eric Broersma
|
|
Batting: LHB Juan Flores
|
0-0: Ball 1-0: Called Strike 1-1: Swinging Strike 1-2: Foul Ball, location: 2F 1-2: Fly out, F8 (Flyball, 8RS, EV 75.6 MPH)
|
|
Pitching: RHP Jose Morales
|
|
|
Batting: RHB Greg Keatley
|
0-0: Fly out, F8 (Flyball, 8LD, EV 84.4 MPH)
|
|
Batting: LHB Thad Reece
|
0-0: Called Strike 0-1: Swinging Strike 0-2: Ball 1-2: SINGLE (Groundball, 6D, EV 101.3 MPH)
|
|
Batting: LHB Neil Fiala
|
0-0: Foul Ball, location: 2F 0-1: Called Strike 0-2: Foul Ball, location: 2F 0-2: Ball 1-2: Fielders Choice at 2nd, 5-4 (Groundball, 5, EV 99.4 MPH)
|
| Top of the 11th over - 0 runs, 1 hit, 0 errors, 1 left on base; Elmira 0 - Lynn 0 |
| BOTTOM OF THE 11TH |
|
Lynn Sailors batting - Pitching for Elmira Pioneers : RHP Alejandro Gallardo
|
|
Batting: RHB Jorge Hinojosa
|
0-0: Ball 1-0: Called Strike 1-1: Ball 2-1: Ball 3-1: Foul Ball, location: 2F 3-2: Fly out, F9 (Flyball, 89D, EV 100.0 MPH)
|
|
Batting: LHB Tony Merulla
|
0-0: Ball 1-0: Ball 2-0: Fly out, F7 (Flyball, 7S, EV 84.4 MPH)
|
|
Batting: SHB Danny Gans
|
0-0: Swinging Strike 0-1: Ball 1-1: Called Strike 1-2: Foul Ball, location: 2F 1-2: Foul Ball, location: 2F 1-2: Ground out 3-1 (Groundball, 13, EV 91.3 MPH)
|
| Bottom of the 11th over - 0 runs, 0 hits, 0 errors, 0 left on base; Elmira 0 - Lynn 0 |
| TOP OF THE 12TH |
|
Elmira Pioneers batting - Pitching for Lynn Sailors : RHP Jose Morales
|
|
Batting: RHB Mark Wasinger
|
0-0: Ball 1-0: Ball 2-0: Foul Ball, location: 2F 2-1: Swinging Strike 2-2: Ball 3-2: Base on Balls
|
|
Batting: RHB Richard Givens
|
0-0: Ball 1-0: Ball 2-0: Called Strike 2-1: Foul Ball, location: 2F 2-2: Foul Ball, location: 2F 2-2: Ball 3-2: Base on Balls Mark Wasinger to second
|
|
Batting: LHB German Barranca
|
0-0: Fly out, F7 (Flyball, 78S, EV 95.0 MPH)
|
|
Batting: RHB Edwin Rodriguez
|
0-0: Ball 1-0: Foul Ball, location: 2F 1-1: Ball 2-1: Foul Ball, location: 2F 2-2: Foul Ball, location: 2F 2-2: Ball 3-2: Fly out, F9 (Flyball, 9, EV 83.8 MPH)
|
|
Batting: SHB Esteban Mendez
|
0-0: Ball 1-0: Foul Ball, location: 2F 1-1: Called Strike 1-2: Fly out, F9 (Flyball, 89M, EV 90.0 MPH)
|
| Top of the 12th over - 0 runs, 0 hits, 0 errors, 2 left on base; Elmira 0 - Lynn 0 |
| BOTTOM OF THE 12TH |
|
Lynn Sailors batting - Pitching for Elmira Pioneers : RHP Alejandro Gallardo
|
|
Batting: RHB Ezequiel Carrasco
|
0-0: Fly out, F9 (Flyball, 9LM, EV 90.0 MPH)
|
|
Batting: SHB Bip Roberts
|
0-0: Ball 1-0: Called Strike 1-1: Called Strike 1-2: Ball 2-2: Foul Ball, location: 2F 2-2: Foul Ball, location: 2F 2-2: Foul Ball, location: 2F 2-2: Ball 3-2: Foul Ball, location: 2F 3-2: Base on Balls
|
|
Batting: RHB Ron Wotus
|
0-0: Called Strike 0-1: Ball 1-1: Ball 2-1: SINGLE (Flyball, 6D, EV 96.3 MPH) Bip Roberts to second
|
|
Batting: RHB Mike Rubel
|
0-0: Ball 1-0: Foul Ball, location: 2F 1-1: Foul Ball, location: 2F 1-2: Ball 2-2: Foul Ball, location: 2F 2-2: Ball 3-2: Foul Ball, location: 2F 3-2: Strikes out looking
|
|
Batting: RHB Ken Gerhart
|
0-0: Called Strike 0-1: Ball 1-1: Swinging Strike 1-2: Foul Ball, location: 2F 1-2: Ball 2-2: Strikes out swinging
|
| Bottom of the 12th over - 0 runs, 1 hit, 0 errors, 2 left on base; Elmira 0 - Lynn 0 |
| TOP OF THE 13TH |
|
Elmira Pioneers batting - Pitching for Lynn Sailors : RHP Jose Morales
|
|
Pitching: RHP Joe Whitmer
|
|
|
Batting: LHB Juan Flores
|
0-0: Ball 1-0: Ball 2-0: SINGLE (Line Drive, 34, EV 101.3 MPH)
|
|
Batting: RHB Greg Keatley
|
0-0: Swinging Strike 0-1: Foul Ball, location: 2F 0-2: Strikes out swinging
|
|
Batting: LHB Thad Reece
|
0-0: Foul Ball, location: 2F 0-1: Ball 1-1: SINGLE (Groundball, 56, EV 106.9 MPH) Juan Flores to second
|
|
Batting: LHB Neil Fiala
|
0-0: Ball 1-0: Bunt - Flyout to 23! F3
|
|
Batting: RHB Mark Wasinger
|
0-0: Swinging Strike 0-1: Foul Ball, location: 2F 0-2: Strikes out swinging
|
| Top of the 13th over - 0 runs, 2 hits, 0 errors, 2 left on base; Elmira 0 - Lynn 0 |
| BOTTOM OF THE 13TH |
|
Lynn Sailors batting - Pitching for Elmira Pioneers : RHP Alejandro Gallardo
|
|
Batting: RHB Mike Reddish
|
0-0: Swinging Strike 0-1: Called Strike 0-2: Ball 1-2: Strikes out swinging
|
|
Batting: RHB Jorge Hinojosa
|
0-0: Called Strike 0-1: Ball 1-1: Fly out, F4 (Popup, 4S, EV 75.6 MPH)
|
|
Batting: LHB Tony Merulla
|
0-0: Ball 1-0: Ball 2-0: Ball 3-0: Base on Balls
|
|
Pitching: RHP Jeffrey Franklin
|
|
|
Batting: SHB Danny Gans
|
0-0: Called Strike 0-1: Ball 1-1: Ball 2-1: Ball 3-1: Base on Balls Tony Merulla to second
|
|
Batting: RHB Ezequiel Carrasco
|
0-0: Ball 1-0: SINGLE (Groundball, 6MD, EV 104.4 MPH) Tony Merulla to third Danny Gans to second Runner from 3rd tries for Home, SAFE, throw by CF to home
|
| Bottom of the 13th over - 1 run, 1 hit, 0 errors, 0 left on base; Elmira 0 - Lynn 1 |
|